AoeStats
← NikNak1876795

Arabia

509968540Analyzed
3v3 RM · 4d ago on Sep 28, 2026· 54m 34s· 6 players
Game mode
Random Map
Map size
Normal (6 player)
Population
200
Speed
Normal
Resources
Standard
Victory
Conquest
Starting age
Dark Age
Ending age
Imperial Age
RankedLock teamsTeams togetherTeam positionsShared explorationLock speedFull tech treeHidden civsTurbo modeCheats
Victory
Defeat
🇮🇹 Aztecs · Italy
963
+14
🇨🇦 Varangians · Canada
901
+17
🇮🇹 Italians · Italy
874
+19
🇪🇸 Mapuche · Spain
932
-17
🇩🇪 Franks · Germany
927
-17
🇨🇿 Romans · Czechia
906
-42
ZapalovacCZ
12:44 Feudal Age
15:38 Wheelbarrow
16:35 Double-Bit Axe
17:26 Horse Collar
17:43 Man-at-Arms
19:16 Scale Mail Armor
21:19 Loom
22:41 Forging
25:20 Castle Age
29:30 Chain Mail Armor
29:51 Iron Casting
29:29 Gold Mining
29:53 Bow Saw
29:52 Squires
29:12 Long Swordsman
29:59 Heavy Plow
30:19 Hand Cart
34:37 Husbandry
34:48 Bloodlines
34:47 Scale Barding Armor
37:08 Chain Barding Armor
45:37 Imperial Age
46:19 Legionary
46:23 Cavalier
47:41 Plate Barding Armor
48:07 Blast Furnace
Lucuman
8:58 Loom
11:42 Feudal Age
15:26 Castle Age
14:18 Double-Bit Axe
14:13 Horse Collar
23:18 Heavy Plow
27:57 Forging
30:14 Bow Saw
33:44 Wheelbarrow
32:55 Town Watch
35:15 Fletching
35:25 Padded Archer Armor
38:01 Gold Mining
38:52 Bodkin Arrow
47:04 Gold Shaft Mining
46:20 Stone Mining
45:52 Pikeman
46:49 Leather Archer Armor
48:33 Treadmill Crane
49:04 Masonry
48:50 Murder Holes
54:34 Imperial Age
53:18 Malon
NikNak1876795
4:06 Loom
10:52 Feudal Age
11:21 Double-Bit Axe
20:37 Castle Age
22:37 Forging
22:54 Scale Barding Armor
25:39 Wheelbarrow
26:39 Bow Saw
27:37 Man-at-Arms
28:03 Gambesons
28:18 Squires
28:04 Arson
28:41 Long Swordsman
31:27 Gold Mining
32:59 Hand Cart
40:23 Imperial Age
40:55 Scale Mail Armor
41:31 Iron Casting
40:25 Two-Handed Swordsman
40:27 Capped Ram
41:49 Champion
42:54 Chain Mail Armor
45:01 Gold Shaft Mining
44:17 Stone Mining
45:53 Pikeman
46:27 Heavy Scorpion
46:43 Halberdier
55:42 Chemistry
55:04 Ballistics
MABragadin
3:43 Loom
11:14 Feudal Age
11:42 Horse Collar
11:50 Double-Bit Axe
13:57 Town Watch
20:50 Castle Age
19:19 Fletching
20:31 Gold Mining
22:20 Bow Saw
22:18 Bodkin Arrow
22:26 Stone Mining
26:04 Heavy Plow
26:51 Wheelbarrow
28:40 Bloodlines
30:53 Hand Cart
30:55 Padded Archer Armor
33:25 Thumb Ring
34:10 Ballistics
34:37 Leather Archer Armor
34:07 Treadmill Crane
36:15 Masonry
36:33 Forging
39:10 Imperial Age
36:03 Light Cavalry
36:54 Murder Holes
37:19 Town Patrol
38:34 Iron Casting
38:01 Husbandry
39:23 Hussar
40:27 Conscription
40:10 Bracer
41:15 Chemistry
42:21 Ring Archer Armor
43:07 Two-Man Saw
44:36 Blast Furnace
44:09 Squires
44:18 Scale Barding Armor
44:48 Architecture
45:58 Cavalier
47:23 Chain Barding Armor
47:59 Hoardings
46:53 Crossbowman
47:38 Scale Mail Armor
47:25 Arson
49:10 Arbalester
49:10 Elite Skirmisher
53:18 Stone Shaft Mining
53:46 Plate Barding Armor
52:34 Pikeman
54:04 Caravan
53:27 Elite Genoese Crossbowman
nicneim
11:18 Feudal Age
11:44 Double-Bit Axe
13:01 Wheelbarrow
19:23 Castle Age
18:25 Forging
19:41 Fletching
20:30 Eagle Warrior
22:20 Iron Casting
21:48 Bodkin Arrow
23:53 Scale Mail Armor
26:15 Squires
26:03 Arson
33:07 Chain Mail Armor
33:48 Bow Saw
36:44 Imperial Age
36:34 Treadmill Crane
36:47 Elite Skirmisher
38:15 Bracer
38:59 Pikeman
40:10 Hand Cart
39:40 Loom
41:00 Chemistry
40:20 Ballistics
40:41 Garland Wars
41:46 Caravan
42:24 Conscription
45:11 Onager
50:27 Horse Collar
52:04 Blast Furnace
51:34 Plate Mail Armor
54:10 Siege Onager
Broseidon
7:09 Loom
13:04 Feudal Age
19:10 Castle Age
18:19 Forging
18:39 Bloodlines
19:48 Double-Bit Axe
24:01 Scale Mail Armor
24:51 Squires
27:36 Iron Casting
31:36 Chain Mail Armor
32:21 Gambesons
36:42 Fletching
37:05 Husbandry
40:07 Imperial Age
38:47 Bow Saw
39:28 Bodkin Arrow
40:22 Gold Mining
41:10 Conscription
42:01 Pikeman
44:00 Cranequins
45:45 Elite Varangian Guard
49:19 Bracer
49:50 Plate Mail Armor
50:20 Blast Furnace
50:23 Ballistics
50:14 Fortified Wall
49:46 Gothikon
52:56 Padded Archer Armor
53:59 Chemistry
54:20 Heavy Mounted Crossbowman
Connection lost

Rejoining the realm…

Still unreachable

The connection could not be restored.

Session expired

The server has moved on; the page needs a fresh start.